HSSL
OLIVER AMES HS TIGERS @ EVANS HS KNIGHTS
04/30/2026
 
TOP OF THE 1ST
Oliver Ames HS Tigers batting - Pitching for Evans HS Knights : RHP Roberto Castillo
Pitching: RHP Roberto Castillo
Batting: RHB Quentin Underwood 0-0: Ball
1-0: Swinging Strike
1-1: SOLO HOME RUN (Flyball, 89XD), Distance : 431 ft
Batting: LHB Tracy Becker 0-0: Called Strike
0-1: Ball
1-1: Swinging Strike
1-2: Ball
2-2: Strikes out swinging
Batting: RHB David Morgan 0-0: Called Strike
0-1: Ball
1-1: Foul Ball, location: 2F
1-2: Ball
2-2: Strikes out looking
Batting: SHB David Castaneda 0-0: Called Strike
0-1: Fly out, F7 (Line Drive, 7M)
Top of the 1st over - 1 run(s), 1 hit(s), 0 error(s), 0 left on base; Oliver Ames HS 1 - Evans HS 0
BOTTOM OF THE 1ST
Evans HS Knights batting - Pitching for Oliver Ames HS Tigers : LHP Emílio Jiménez
Pitching: LHP Emílio Jiménez
Batting: LHB Gerald Murphy 0-0: Ball
1-0: Called Strike
1-1: Swinging Strike
1-2: Strikes out looking
Batting: SHB Brandon Hathaway 0-0: Called Strike
0-1: Foul Ball, location: 2F
0-2: Foul Ball, location: 2F
0-2: Foul Ball, location: 2F
0-2: Ball
1-2: Fly out, F8 (Flyball, 8LM)
Batting: SHB Bryan Atkins 0-0: Ball
1-0: Ball
2-0: Called Strike
2-1: Foul Ball, location: 2F
2-2: Fly out, F8 (Line Drive, 89M)
Bottom of the 1st over - 0 run(s), 0 hit(s), 0 error(s), 0 left on base; Oliver Ames HS 1 - Evans HS 0
TOP OF THE 2ND
Oliver Ames HS Tigers batting - Pitching for Evans HS Knights : RHP Roberto Castillo
Batting: RHB River Hall 0-0: Foul Ball, location: 2F
0-1: Called Strike
0-2: Ball
1-2: Hit by Pitch
Batting: LHB Jason King 0-0: Ball
1-0: Foul Ball, location: 2F
1-1: Ball
2-1: Fielders Choice at 2nd, 4-6 (Groundball, 4)
Batting: RHB Earl Frank 0-0: Called Strike
0-1: Foul Ball, location: 2F
0-2: Ball
1-2: Foul Ball, location: 2F
1-2: Strikes out swinging
Jason King steals 2nd base
Batter strikes out.
Batting: RHB Pat Young 0-0: SINGLE (Groundball, 6)
Jason King to third
Runner from 3rd tries for Home, SAFE, no throw or cutoff
Batting: RHB Nick Davis 0-0: Called Strike
0-1: Ball
1-1: Ball
2-1: Ball
3-1: SINGLE (Groundball, 34D)
Pat Young to second
Runner from 2nd tries for 3rd, SAFE, throw made to third
Batting: RHB Quentin Underwood 0-0: Foul Ball, location: 2F
0-1: Foul Ball, location: 2F
0-2: Foul Ball, location: 2F
0-2: 3-RUN HOME RUN (Line Drive, 9D), Distance : 391 ft
Batting: LHB Tracy Becker 0-0: Called Strike
0-1: Ball
1-1: Ball
2-1: Ball
3-1: Called Strike
3-2: Base on Balls
Batting: RHB David Morgan 0-0: Ball
1-0: Called Strike
1-1: Called Strike
Tracy Becker steals 2nd base
1-2: Ball
2-2: Fly out, F9 (Flyball, 9LM)
Top of the 2nd over - 4 run(s), 3 hit(s), 0 error(s), 1 left on base; Oliver Ames HS 5 - Evans HS 0
BOTTOM OF THE 2ND
Evans HS Knights batting - Pitching for Oliver Ames HS Tigers : LHP Emílio Jiménez
Batting: LHB Quinn Webb 0-0: Ball
1-0: Ball
2-0: Called Strike
2-1: Ball
3-1: Fly out, F9 (Flyball, 9D)
Batting: RHB Harvey Mawhinney 0-0: Ball
1-0: Ground out 4-3 (Groundball, 4)
Batting: RHB Rafael Martínez 0-0: Ball
1-0: Called Strike
1-1: Ground out 2-3 (Groundball, 13S)
Bottom of the 2nd over - 0 run(s), 0 hit(s), 0 error(s), 0 left on base; Oliver Ames HS 5 - Evans HS 0
TOP OF THE 3RD
Oliver Ames HS Tigers batting - Pitching for Evans HS Knights : RHP Roberto Castillo
Batting: SHB David Castaneda 0-0: Called Strike
0-1: Fly out, F8 (Flyball, 78M)
Batting: RHB River Hall 0-0: SINGLE (Groundball, 5)
Batting: LHB Jason King 0-0: Ball
1-0: Ball
2-0: Called Strike
2-1: Ball
3-1: Base on Balls
River Hall to second
Batting: RHB Earl Frank 0-0: Foul Ball, location: 2F
0-1: Hit by Pitch
River Hall to third
Jason King to second
Batting: RHB Pat Young 0-0: Called Strike
0-1: Fly out, F6 (Popup, 6M)
Batting: RHB Nick Davis 0-0: Called Strike
0-1: Called Strike
0-2: Ball
1-2: Strikes out looking
Top of the 3rd over - 0 run(s), 1 hit(s), 0 error(s), 3 left on base; Oliver Ames HS 5 - Evans HS 0
BOTTOM OF THE 3RD
Evans HS Knights batting - Pitching for Oliver Ames HS Tigers : LHP Emílio Jiménez
Batting: RHB Tim Lee 0-0: Ball
1-0: Ball
2-0: Called Strike
2-1: Foul Ball, location: 2F
2-2: Strikes out looking
Batting: LHB Nick Weber 0-0: Ground out 4-3 (Groundball, 4)
Batting: LHB Billy Raymond 0-0: Ball
1-0: Foul Ball, location: 2F
1-1: Foul Ball, location: 2F
1-2: Strikes out looking
Bottom of the 3rd over - 0 run(s), 0 hit(s), 0 error(s), 0 left on base; Oliver Ames HS 5 - Evans HS 0
TOP OF THE 4TH
Oliver Ames HS Tigers batting - Pitching for Evans HS Knights : RHP Roberto Castillo
Now at 2B: Michael Wilson
Batting: RHB Quentin Underwood 0-0: Ball
1-0: Fly out, F9 (Flyball, 9M)
Batting: LHB Tracy Becker 0-0: Fly out, F7 (Line Drive, 7M)
Batting: RHB David Morgan 0-0: Swinging Strike
0-1: Ball
1-1: Swinging Strike
1-2: Strikes out looking
Top of the 4th over - 0 run(s), 0 hit(s), 0 error(s), 0 left on base; Oliver Ames HS 5 - Evans HS 0
BOTTOM OF THE 4TH
Evans HS Knights batting - Pitching for Oliver Ames HS Tigers : LHP Emílio Jiménez
Batting: LHB Gerald Murphy 0-0: Ball
1-0: Ball
2-0: Ball
3-0: Base on Balls
Batting: SHB Brandon Hathaway 0-0: Called Strike
Gerald Murphy steals 2nd base
0-1: Foul Ball, location: 2F
0-2: Reached on error, E5 (Groundball, 5L)
Gerald Murphy to third
Batting: SHB Bryan Atkins 0-0: Ball
1-0: Called Strike
1-1: Ball
2-1: Ball
3-1: Base on Balls
Brandon Hathaway to second
Batting: LHB Quinn Webb 0-0: Ball
1-0: Called Strike
1-1: Foul Ball, location: 2F
1-2: Ball
2-2: SINGLE (Groundball, 34D)
Gerald Murphy scores
Brandon Hathaway to third
Bryan Atkins to second
Runner from 3rd tries for Home, SAFE, throw made home
Bryan Atkins to third
Quinn Webb to second
Batting: RHB Harvey Mawhinney 0-0: Ball
1-0: SINGLE (Line Drive, 6MD)
Bryan Atkins scores
Quinn Webb to third
Runner from 3rd tries for Home, SAFE, no throw or cutoff
Batting: RHB Rafael Martínez 0-0: SINGLE (Flyball, 78S)
Harvey Mawhinney to second
Batting: LHB Michael Wilson 0-0: Called Strike
0-1: Foul Ball, location: 2F
0-2: Foul Ball, location: 2F
0-2: Fly out, F8 (Flyball, 8LM)
Batting: LHB Nick Weber 0-0: Fly out, F8 (Flyball, 8LM)
Batting: LHB Billy Raymond 0-0: Ball
1-0: Ball
2-0: Fly out, F6 (Popup, 6D)
Bottom of the 4th over - 4 run(s), 3 hit(s), 1 error(s), 2 left on base; Oliver Ames HS 5 - Evans HS 4
TOP OF THE 5TH
Oliver Ames HS Tigers batting - Pitching for Evans HS Knights : RHP Roberto Castillo
Batting: SHB David Castaneda 0-0: Called Strike
0-1: Ground out 6-3 (Groundball, 6)
Batting: RHB River Hall 0-0: Foul Ball, location: 2F
0-1: Ball
1-1: Foul Ball, location: 2F
1-2: Ball
2-2: DOUBLE (Flyball, 9LM)
Batting: LHB Jason King 0-0: Ball
Wild Pitch!
River Hall to third
1-0: Called Strike
1-1: Foul Ball, location: 2F
1-2: Ball
2-2: Foul Ball, location: 2F
2-2: Strikes out swinging
Pitching: RHP Iván Díaz
Batting: RHB Earl Frank 0-0: Ground out 5-3 (Groundball, 56)
Top of the 5th over - 0 run(s), 1 hit(s), 0 error(s), 1 left on base; Oliver Ames HS 5 - Evans HS 4
BOTTOM OF THE 5TH
Evans HS Knights batting - Pitching for Oliver Ames HS Tigers : LHP Emílio Jiménez
Batting: LHB Gerald Murphy 0-0: Foul Ball, location: 2F
0-1: Ball
1-1: Ground out 6-3 (Groundball, 6M)
Batting: SHB Brandon Hathaway 0-0: Ground out 5-3 (Groundball, 5)
Batting: SHB Bryan Atkins 0-0: Ball
1-0: Ball
2-0: Fly out, F3 (Popup, 34)
Bottom of the 5th over - 0 run(s), 0 hit(s), 0 error(s), 0 left on base; Oliver Ames HS 5 - Evans HS 4
TOP OF THE 6TH
Oliver Ames HS Tigers batting - Pitching for Evans HS Knights : RHP Iván Díaz
Batting: RHB Pat Young 0-0: Called Strike
0-1: SINGLE (Line Drive, 78M)
Batting: RHB Nick Davis 0-0: Ball
1-0: Foul Ball, location: 2F
1-1: SINGLE (Groundball, 5L)
Pat Young to second
Batting: RHB Quentin Underwood 0-0: Foul Ball, location: 2F
0-1: Ball
1-1: Ball
2-1: Foul Ball, location: 2F
2-2: Ball
3-2: Base on Balls
Pat Young to third
Nick Davis to second
Batting: LHB Tracy Becker 0-0: Ball
1-0: Ball
2-0: Called Strike
2-1: Foul Ball, location: 2F
2-2: Strikes out swinging
Batting: RHB David Morgan 0-0: Ball
1-0: Ball
2-0: Ball
3-0: Swinging Strike
3-1: Foul Ball, location: 2F
3-2: Foul Ball, location: 2F
3-2: Base on Balls
Pat Young scores
Nick Davis to third
Quentin Underwood to second
Batting: SHB David Castaneda 0-0: Ball
1-0: Foul Ball, location: 2F
1-1: Called Strike
1-2: Strikes out looking
Batting: RHB River Hall 0-0: Ball
1-0: Foul Ball, location: 2F
1-1: Ball
2-1: Ball
3-1: Foul Ball, location: 2F
3-2: Strikes out swinging
Top of the 6th over - 1 run(s), 2 hit(s), 0 error(s), 3 left on base; Oliver Ames HS 6 - Evans HS 4
BOTTOM OF THE 6TH
Evans HS Knights batting - Pitching for Oliver Ames HS Tigers : LHP Emílio Jiménez
Batting: LHB Quinn Webb 0-0: Called Strike
0-1: Ball
1-1: Fly out, F9 (Flyball, 9LM)
Batting: RHB Harvey Mawhinney 0-0: Called Strike
0-1: Ball
1-1: Fly out, F7 (Flyball, 78S)
Batting: RHB Rafael Martínez 0-0: Called Strike
0-1: Ground out 6-3 (Groundball, 6)
Bottom of the 6th over - 0 run(s), 0 hit(s), 0 error(s), 0 left on base; Oliver Ames HS 6 - Evans HS 4
TOP OF THE 7TH
Oliver Ames HS Tigers batting - Pitching for Evans HS Knights : RHP Iván Díaz
Batting: LHB Jason King 0-0: Ball
1-0: Foul Ball, location: 2F
1-1: Ball
2-1: Called Strike
2-2: Strikes out swinging
Batting: RHB Earl Frank 0-0: Called Strike
0-1: Called Strike
0-2: Ball
1-2: Ball
2-2: Foul Ball, location: 2F
2-2: Foul Ball, location: 2F
2-2: Strikes out swinging
Batting: RHB Pat Young 0-0: Foul Ball, location: 2F
0-1: Ball
1-1: Ball
2-1: Ball
3-1: Base on Balls
Pitching: RHP Tim Johnston
Batting: RHB Nick Davis 0-0: Called Strike
0-1: Called Strike
0-2: Strikes out swinging
Top of the 7th over - 0 run(s), 0 hit(s), 0 error(s), 1 left on base; Oliver Ames HS 6 - Evans HS 4
BOTTOM OF THE 7TH
Evans HS Knights batting - Pitching for Oliver Ames HS Tigers : LHP Emílio Jiménez
Batting: LHB Michael Wilson 0-0: Ball
1-0: Swinging Strike
1-1: DOUBLE (Flyball, 9LM)
Pitching: RHP Júlio Ramos
Batting: LHB Nick Weber 0-0: Swinging Strike
0-1: Ball
1-1: Ball
2-1: Ball
3-1: Base on Balls
Batting: LHB Billy Raymond 0-0: Ball
1-0: Ball
2-0: Sac Bunt - play at first, batter safe!
Michael Wilson to third
Nick Weber to second
Batting: LHB Gerald Murphy 0-0: Called Strike
0-1: Ball
1-1: Ball
2-1: Ball
3-1: Swinging Strike
3-2: Fielders Choice at 2nd, 6-4 (Groundball, 6)
Michael Wilson scores
Nick Weber to third
Batting: SHB Brandon Hathaway 0-0: Called Strike
0-1: Foul Ball, location: 2F
0-2: Foul Ball, location: 2F
0-2: Ball
1-2: Ball
2-2: Ball
3-2: Strikes out looking
Batting: SHB Bryan Atkins 0-0: Fly out, F8 (Flyball, 8LD)
Bottom of the 7th over - 1 run(s), 2 hit(s), 0 error(s), 2 left on base; Oliver Ames HS 6 - Evans HS 5
TOP OF THE 8TH
Oliver Ames HS Tigers batting - Pitching for Evans HS Knights : RHP Tim Johnston
Batting: RHB Quentin Underwood 0-0: Called Strike
0-1: Ball
1-1: Ball
2-1: Foul Ball, location: 2F
2-2: Strikes out swinging
Batting: LHB Tracy Becker 0-0: Ball
1-0: Ball
2-0: Ball
3-0: Called Strike
3-1: Called Strike
3-2: Base on Balls
Batting: RHB David Morgan 0-0: Ball
1-0: SINGLE (Line Drive, 6D)
Tracy Becker to second
Batting: SHB David Castaneda 0-0: SINGLE (Line Drive, 6MD)
Tracy Becker to third
David Morgan to second
Batting: RHB River Hall 0-0: Called Strike
0-1: Ball
1-1: Ball
Balk!
Tracy Becker scores
David Morgan to third
David Castaneda to second
2-1: SINGLE (Groundball, 56D)
David Morgan scores
David Castaneda to third
Runner from 3rd tries for Home, SAFE, throw made home
Pitching: RHP Rubén Romano
Batting: LHB Jason King 0-0: Ball
1-0: Ball
2-0: Ball
3-0: Base on Balls
River Hall to second
Batting: RHB Earl Frank 0-0: Foul Ball, location: 2F
0-1: Called Strike
0-2: Ball
1-2: Ground out 5-3 (Groundball, 5S)
River Hall to third
Jason King to second
Batting: RHB Pat Young 0-0: Foul Ball, location: 2F
0-1: Ball
1-1: Ball
2-1: SINGLE (Line Drive, 4M)
River Hall scores
Jason King to third
Runner from 3rd tries for Home, SAFE, no throw or cutoff
Batting: RHB Nick Davis 0-0: Ball
1-0: Ball
2-0: Ball
3-0: Called Strike
3-1: Foul Ball, location: 2F
3-2: Foul Ball, location: 2F
3-2: Strikes out swinging
Top of the 8th over - 5 run(s), 4 hit(s), 0 error(s), 1 left on base; Oliver Ames HS 11 - Evans HS 5
BOTTOM OF THE 8TH
Evans HS Knights batting - Pitching for Oliver Ames HS Tigers : RHP Júlio Ramos
Batting: LHB Quinn Webb 0-0: Ground out 1-3 (Groundball, 25)
Batting: RHB Harvey Mawhinney 0-0: Ball
1-0: Called Strike
1-1: Foul Ball, location: 2F
1-2: Ball
2-2: Ball
3-2: Base on Balls
Batting: RHB Rafael Martínez 0-0: Called Strike
0-1: Called Strike
0-2: Foul Ball, location: 2F
0-2: Ball
1-2: Foul Ball, location: 2F
1-2: Ball
2-2: Foul Ball, location: 2F
2-2: Ball
3-2: Base on Balls
Harvey Mawhinney to second
Batting: LHB Michael Wilson 0-0: Ball
1-0: Called Strike
1-1: Ball
2-1: Ball
3-1: Base on Balls
Harvey Mawhinney to third
Rafael Martínez to second
Batting: LHB Nick Weber 0-0: Ball
1-0: Fly out, F3 (Popup, 3SF)
Batting: LHB Billy Raymond 0-0: Ball
Wild Pitch!
Harvey Mawhinney scores
Rafael Martínez to third
Michael Wilson to second
1-0: Ground out 5-3 (Groundball, 56S)
Bottom of the 8th over - 1 run(s), 0 hit(s), 0 error(s), 2 left on base; Oliver Ames HS 11 - Evans HS 6
TOP OF THE 9TH
Oliver Ames HS Tigers batting - Pitching for Evans HS Knights : RHP Rubén Romano
Batting: RHB Quentin Underwood 0-0: Foul Ball, location: 2F
0-1: Ball
1-1: Foul Ball, location: 2F
1-2: Ball
2-2: Strikes out swinging
Batting: LHB Tracy Becker 0-0: Ball
1-0: Ball
2-0: Ball
3-0: Base on Balls
Batting: RHB David Morgan 0-0: Called Strike
0-1: Called Strike
0-2: Ground out 5-3 (Groundball, 5S)
Tracy Becker to second
Batting: SHB David Castaneda 0-0: Ball
1-0: DOUBLE (Line Drive, 9LM)
Tracy Becker scores
Batting: RHB River Hall 0-0: Ball
1-0: Foul Ball, location: 2F
1-1: Swinging Strike
1-2: Strikes out swinging
Top of the 9th over - 1 run(s), 1 hit(s), 0 error(s), 1 left on base; Oliver Ames HS 12 - Evans HS 6
BOTTOM OF THE 9TH
Evans HS Knights batting - Pitching for Oliver Ames HS Tigers : RHP Júlio Ramos
Batting: LHB Gerald Murphy 0-0: Ball
1-0: Ball
2-0: Foul Ball, location: 2F
2-1: Called Strike
2-2: Ball
3-2: Base on Balls
Pitching: LHP Andrew Mock
Batting: SHB Brandon Hathaway 0-0: Ball
1-0: Foul Ball, location: 2F
1-1: Ball
2-1: SINGLE (Groundball, 56)
Gerald Murphy to second
Batting: SHB Bryan Atkins 0-0: Swinging Strike
0-1: Swinging Strike
0-2: Strikes out swinging
Batting: LHB Quinn Webb 0-0: Ball
1-0: Ball
2-0: Ball
3-0: Base on Balls
Gerald Murphy to third
Brandon Hathaway to second
Batting: RHB Harvey Mawhinney 0-0: Ball
1-0: Fly out, F7 (Flyball, 8LM)
Runner from 3rd tags up, SCORES, no throw
Pitching: RHP Tim Whitacre
Batting: RHB Rafael Martínez 0-0: Ball
1-0: Ball
2-0: Ball
3-0: Called Strike
3-1: Foul Ball, location: 2F
3-2: Base on Balls
Brandon Hathaway to third
Quinn Webb to second
Batting: LHB Michael Wilson 0-0: Swinging Strike
0-1: Swinging Strike
0-2: Strikes out swinging
Bottom of the 9th over - 1 run(s), 1 hit(s), 0 error(s), 3 left on base; Oliver Ames HS 12 - Evans HS 7
Monday, December 5th, 2016 - OOTP Baseball 17.12 Build 75